 Dungeon Crawl Stone Soup version 0.30.1-3-gfc49f6343a (webtiles) character file.

Game seed: 146111641557961307

30348 leafyfresh the Covert (level 13, -3/102 HPs)
             Began as a Gnoll Delver on Aug 4, 2023.
             Was an Elder of Ashenzari.
             Slain by a frost giant
             ... wielding a +1 battleaxe of freezing
              (8 damage)
             ... in an ice cave.
             The game lasted 00:59:36 (22410 turns).

leafyfresh the Covert (Gnoll Delver)               Turns: 22410, Time: 00:59:37

Health: -3/102     AC: 11    Str: 13    XL:     13   Next: 51%
Magic:  21/38      EV: 18    Int: 11    God:    Ashenzari [****..]
Gold:   1173       SH:  0    Dex: 16    Spells: 5/36 levels left

rFire   . . .        h - +5 dagger
rCold   . . .        W - orb {*channel}
rNeg    + . .        S - +2 robe of Supernal Wisdom {Will+, Alch, Self} (curse)
rPois   .            j - +0 helmet "Sidereal Oracle" {Harm rElec rN+ Will+, Fort, Self} (curse)
rElec   +            i - +0 cloak "I Knew You'd Do That" {Fort, Elem} (curse)
rCorr   .            X - +0 pair of gloves of the Fated Anxiety {Cun, Melee} (curse)
SInv    +            x - +0 pair of boots "Malaise of Ashenzari" {Evo, Self} (curse)
Will    ++...        y - amulet of regeneration
Stlth   ++++++       O - ring of wizardry
HPRegen 1.17/turn    F - ring of Ouranomancy {MP+9, Alch, Melee} (curse)
MPRegen 0.26/turn

%: harm (+30% outgoing, +20% incoming), clarity, wizardry (x1), channel magic
(20%)
@: invisible
A: fangs 1, strong nose, distributed training, frail 1, sense surroundings 1
a: Renounce Religion, Curse Item, Shatter the Chains


You were in an ice cave.
You worshipped Ashenzari.
Ashenzari was greatly pleased with you.
You visited 4 branches of the dungeon, and saw 16 of its levels.
You also visited: Ice Cave.

You collected 1713 gold pieces.
You spent 540 gold pieces at shops.

Inventory:

Hand Weapons
 h - a +5 dagger (weapon)
 G - a +3 dagger
 R - a +3 scimitar of flaming
Missiles
 e - 19 poisoned darts (quivered)
 z - a throwing net
Armour
 i - the cursed +0 cloak "I Knew You'd Do That" (worn) {Fort, Elem}
   (You took it off Maurice on level 8 of the Dungeon)

   It has a curse which improves the following skills: Fortitude: Armour and
   Shields.
   Elements:  Fire Magic, Ice Magic, Air Magic and Earth Magic.
 j - the cursed +0 helmet "Sidereal Oracle" (worn) {Harm rElec rN+ Will+, Fort, Self}
   (You found it on level 3 of the Dungeon)

   rElec:     It insulates you from electricity.
   rN:        It protects you from negative energy.
   Harm:      It increases damage dealt and taken.
   Will:      It increases your willpower.
   It has a curse which improves the following skills: Fortitude: Armour and
   Shields.
   Introspection: Fighting and Spellcasting.
 l - the +0 leather armour of the Enchanted Forest {rCorr Str+4 Slay-4 Stlth+}
   (You found it on level 5 of the Dungeon)

   Str:       It affects your strength (+4).
   Slay:      It affects your accuracy & damage with ranged weapons and melee
   (-4).
   rCorr:     It protects you from acid and corrosion.
   Stlth:     It makes you more stealthy.
 o - a +0 troll leather armour
 x - the cursed +0 pair of boots "Malaise of Ashenzari" (worn) {Evo, Self}
   (You found it on level 1 of the Dungeon)

   It has a curse which improves the following skills: Evocations: Evocations.
   Introspection: Fighting and Spellcasting.
 C - the +1 ring mail of Chill Winds {rPois Will+++ Int-2 Stlth-}
   (You found it on level 5 of the Dungeon)

   Int:       It affects your intelligence (-2).
   rPois:     It protects you from poison.
   Will:      It greatly increases your willpower.
   Stlth:     It makes you less stealthy.
 S - the cursed +2 robe of Supernal Wisdom (worn) {Will+, Alch, Self}
   (You took it off Erica on level 9 of the Dungeon)

   It has a curse which improves the following skills: Alchemy: Poison Magic and
   Transmutations.
   Introspection: Fighting and Spellcasting.
 U - a +4 plate armour of ponderousness
 W - an orb of energy (worn)
 X - the cursed +0 pair of gloves of the Fated Anxiety (worn) {Cun, Melee}
   (You found it on level 10 of the Dungeon)

   It has a curse which improves the following skills: Cunning: Dodging and
   Stealth.
   Melee Combat: Short Blades, Long Blades, Axes, Maces & Flails, Polearms,
   Staves and Unarmed Combat.
Magical Staves
 n - a staff of conjuration
Jewellery
 b - a ring of poison resistance
 r - a ring of see invisible
 y - an amulet of regeneration (around neck)
 F - the cursed ring of Ouranomancy (right hand) {MP+9, Alch, Melee}
   (You found it on level 5 of the Dungeon)

   [ring of magical power]

   MP:        It affects your magic capacity (+9).
   It has a curse which improves the following skills: Alchemy: Poison Magic and
   Transmutations.
   Melee Combat: Short Blades, Long Blades, Axes, Maces & Flails, Polearms,
   Staves and Unarmed Combat.
 N - a ring of willpower
 O - a ring of wizardry (left hand)
 T - a +6 ring of dexterity
Wands
 g - a wand of digging (3)
 k - a wand of roots (9)
 J - a wand of flame (29)
 K - a wand of charming (7)
 P - a wand of mindburst (9)
 Y - a wand of polymorph (3)
Scrolls
 c - a scroll of fog
 d - 4 scrolls of magic mapping
 m - 9 scrolls of teleportation
 v - a scroll of butterflies
 A - 3 scrolls of poison
 D - a scroll of silence
 E - a scroll of fear
 H - a scroll of blinking
 I - 3 scrolls of enchant armour
 L - a scroll of amnesia
 Z - a scroll of enchant weapon
Potions
 a - a potion of invisibility
 f - 2 potions of haste
 p - 7 potions of curing
 q - 2 potions of cancellation
 s - a potion of attraction
 t - 3 potions of magic
 u - a potion of berserk rage
 w - 2 potions of lignification
 B - 2 potions of flight
 M - a potion of heal wounds
 Q - a potion of might


   Skills:
 + Level 10.9(14.4) Fighting
 + Level 9.8(12.5) Short Blades
 + Level 8.6(11.4) Long Blades
 + Level 8.6(11.4) Axes
 + Level 8.6(11.4) Maces & Flails
 + Level 8.6(11.4) Polearms
 + Level 8.6(11.4) Staves
 + Level 8.6 Ranged Weapons
 + Level 8.6 Throwing
 + Level 8.6(11.4) Armour
 + Level 9.8(11.6) Dodging
 + Level 12.7(14.5) Stealth
 + Level 8.6(11.4) Shields
 + Level 8.6(11.4) Unarmed Combat
 + Level 8.6(12.2) Spellcasting
 + Level 7.2 Conjurations
 + Level 7.2 Hexes
 + Level 7.2 Summonings
 + Level 7.2 Necromancy
 + Level 7.2 Translocations
 + Level 7.2(10.0) Transmutations
 + Level 7.2(9.1) Fire Magic
 + Level 7.2(9.1) Ice Magic
 + Level 7.2(9.1) Air Magic
 + Level 7.2(9.1) Earth Magic
 + Level 7.2(10.0) Poison Magic
 + Level 9.5 Invocations
 + Level 8.6(10.5) Evocations


You had 5 spell levels left.
You knew the following spells:

 Your Spells              Type           Power      Damage    Failure   Level
a - Ozocubu's Armour      Ice            26%        N/A       1%          3
b - Olgreb's Toxic Radia  Pois           28%        N/A       2%          4
c - Dispel Undead         Necr           22%        3d12      6%          4
d - Petrify               Tmut/Erth      27%        N/A       3%          4
e - Lee's Rapid Deconstr  Erth           13%        3d9*      8%          5
f - Irradiate             Conj/Tmut      12%        3d15      9%          5
g - Blink                 Tloc           44%        N/A       1%          2
h - Passage of Golubria   Tloc           22%        N/A       6%          4

Your spell library contained the following spells:

 Spells                   Type           Power      Damage    Failure   Level
 Sting                    Tmut/Pois      100%       1d8       1%          1
 Cigotuvi's Dreadful Rot  Necr/Pois/Air  52%        N/A       1%          2
 Poisonous Vapours        Pois/Air       54%        N/A       1%          2
 Sublimation of Blood     Necr           22%        N/A       1%          2
 Summon Guardian Golem    Hex/Summ       22%        N/A       2%          3
 Volatile Blastmotes      Fire/Tloc      48%        2d14      2%          3
 Fulminant Prism          Conj/Hex       11%        3d9       6%          4
 Iskenderun's Mystic Bla  Conj/Tloc      22%        2d6       6%          4
 Manifold Assault         Tloc           22%        N/A       6%          4
 Silence                  Hex/Air        12%        N/A       10%         5
 Conjure Ball Lightning   Conj/Air       12%        3x3d6     36%         6
 Death Channel            Necr           11%        N/A       47%         6
 Storm Form               Tmut/Air       13%        N/A       69%         7
 Ozocubu's Refrigeration  Ice            13%        4d10      75%         7
 Orb of Destruction       Conj           11%        9d6       92%         7
 Spellforged Servitor     Conj/Summ      11%        N/A       92%         7
 Discord                  Hex            11%        N/A       100%        8
 Disjunction              Tloc           11%        N/A       100%        8
 Lehudib's Crystal Spear  Conj/Erth      12%        10d4      100%        8


Dungeon Overview and Level Annotations

Branches:
Dungeon (12/15)            Temple (1/1) D:7            Lair (1/5) D:9
    Orc (2/2) D:12            Elf (0/3) Orc:2         IceCv (1/1)

Altars:
Ashenzari
Cheibriados
Dithmenos
Elyvilon
Fedhas
Gozag
Hepliaklqana
Kikubaaqudgha
Makhleb
Nemelex Xobeh
Okawaru
Qazlal
Ru
Sif Muna
Trog
Uskayaw
Vehumet
Wu Jian
Xom
Yredelemnul
Zin
The Shining One

Shops:
D:5 *   Orc:2 *=[*

Annotations:
D:9 4 transporters
D:12 Azrael


Innate Abilities, Weirdness & Mutations

You have very sharp teeth.
Your uncanny sense of smell can sniff out nearby items.
Your experience applies equally to all skills.
You are frail. (-10% HP)
You passively map a small area around you.


Message History

You kill the yak!
The yak looks even sicker.
Unknown command.
Casting: Olgreb's Toxic Radiance (mildly dangerous; 2% risk of failure)
Confirm with . or Enter, or press ? or * to list all spells.
Okay, then.
You fade into invisibility!
The frost giant looks as sick as possible!
Unknown command.
Casting: Olgreb's Toxic Radiance (mildly dangerous; 2% risk of failure)
Confirm with . or Enter, or press ? or * to list all spells.
Okay, then.
Press: ? - help, v - describe, . - travel, g - get item
Here: a frost giant, wielding a +1 battleaxe of freezing (moderately wounded, extremely poisoned) Item here: a yak corpse.
The floor.
Unknown command.
As you read the scroll of butterflies, it crumbles to dust.
Okay, then.
As you read the scroll of butterflies, it crumbles to dust.
Okay, then.
Unknown command.
Casting: Olgreb's Toxic Radiance (mildly dangerous; 2% risk of failure)
Confirm with . or Enter, or press ? or * to list all spells.
Okay, then.
Casting: Olgreb's Toxic Radiance (mildly dangerous; 2% risk of failure)
Confirm with . or Enter, or press ? or * to list all spells.
Aiming: Petrify (dangerous; 3% risk of failure)
Press: ? - help, Shift-Dir - straight line, f - frost giant
Aim: a frost giant, wielding a +1 battleaxe of freezing (moderately wounded, extremely poisoned, chance to affect: 12%)
The frost giant resists with almost no effort.
The frost giant looks as sick as possible!
The yak looks as sick as possible!
Your toxic aura wanes.
The yak looks more healthy.
The frost giant attacks as you move away!
The frost giant hits you with a +1 battleaxe of freezing!!!
* * * LOW HITPOINT WARNING * * *
The frost giant freezes you!
You die...

######## ##### ##......####
####YYY# *
###÷÷..#.....####..†.#Y..# *
*
...÷#######....#@C.####Y{....
* .#### ###....###* .{...., ,
## ###### * ,,hY... ** *,
....# , ,..##, ,,,..#∆,, *
,,, * , , # **, , , ### * ,,,
,


You could see a frost giant (extremely poisoned), a death yak (wandering, unable
to see you, very poisoned) and 2 yaks.

Vanquished Creatures
  An orc warlord (Orc:2)
  Erica (D:9)
  2 boulder beetles
  4 death yaks (IceCv)
  4 two-headed ogres
  3 orc high priests (Orc:2)
  5 orc knights (Orc:2)
  A deep elf pyromancer (D:12)
  A manticore (D:12)
  3 orc sorcerers (Orc:2)
  An ugly thing (D:12)
  A cyclops (D:11)
  An ice statue (IceCv)
  A black mamba (Lair:1)
  Maurice (D:8)
  2 slime creatures (D:12)
  8 rime drakes
  A gargoyle (D:8)
  2 unseen horrors
  3 kobold demonologists (D:11)
  A komodo dragon (Lair:1)
  2 trolls
  5 polar bears
  Prince Ribbit (D:8)
  2 shadows
  16 yaks
  2 wyverns
  A basilisk (Lair:1)
  A fire elemental (D:11)
  4 vampire mosquitoes (D:10)
  3 wargs (Orc:2)
  2 water moccasins
  A hell hound (D:11)
  A sky beast (D:8)
  20 orc warriors
  2 ice beasts
  2 black bears (D:6)
  8 wolves (IceCv)
  2 ogres
  A centaur (D:9)
  Blork the orc (D:4)
  2 kobold brigands (D:9)
  A bullfrog (D:8)
  A gnoll sergeant (D:11)
  2 scorpions
  8 killer bees
  4 howler monkeys
  2 jellies
  2 hounds
  12 orc priests
  2 sleepcaps
  3 iguanas
  Natasha (thrice) (D:2)
  15 orc wizards
  6 adders
  7 gnolls
  A shadow imp (D:8)
  4 white imps
  2 ufetubi
  4 worms (D:2)
  A dart slug (D:1)
  63 orcs
  4 bats
  8 endoplasms
  3 giant cockroaches (D:2)
  8 goblins
  9 hobgoblins
  4 jackals (D:1)
  4 quokkas
  9 ball pythons
  2 frilled lizards
  16 kobolds
  2 rats
338 creatures vanquished.

Vanquished Creatures (others)
  An orc wizard (Orc:2)
1 creature vanquished.

Grand Total: 339 creatures vanquished

Notes
Turn   | Place    | Note
-------+----------+-------------------------------------------
     0 | D:5      | Reached skill level 9 in Stealth
     0 | D:5      | leafyfresh the Gnoll Delver began the quest for the Orb.
     0 | D:5      | Reached XP level 1. HP: 23/23 MP: 1/1
     3 | D:5      | Noticed a howler monkey
    10 | D:5      | Killed a howler monkey
    11 | D:5      | Reached skill level 1 in Invocations
    11 | D:5      | Reached XP level 2. HP: 29/29 MP: 1/3
    11 | D:5      | Reached XP level 3. HP: 35/35 MP: 1/4
   126 | D:4      | Reached skill level 1 in Long Blades
   126 | D:4      | Reached skill level 1 in Axes
   126 | D:4      | Reached skill level 1 in Maces & Flails
   126 | D:4      | Reached skill level 1 in Polearms
   126 | D:4      | Reached skill level 1 in Staves
   126 | D:4      | Reached skill level 1 in Ranged Weapons
   126 | D:4      | Reached skill level 1 in Throwing
   126 | D:4      | Reached skill level 1 in Armour
   126 | D:4      | Reached skill level 1 in Shields
   126 | D:4      | Reached skill level 1 in Unarmed Combat
   126 | D:4      | Reached skill level 1 in Spellcasting
   126 | D:4      | Reached skill level 1 in Evocations
   132 | D:4      | Reached XP level 4. HP: 8/41 MP: 5/5
   475 | D:3      | Identified the +0 helmet of the Harvest Moon {Harm rElec
                  | rN+ Will+}
   502 | D:3      | Found a shadowy altar of Dithmenos.
   808 | D:2      | Reached skill level 1 in Conjurations
   808 | D:2      | Reached skill level 1 in Hexes
   808 | D:2      | Reached skill level 1 in Summonings
   808 | D:2      | Reached skill level 1 in Necromancy
   808 | D:2      | Reached skill level 1 in Translocations
   808 | D:2      | Reached skill level 1 in Transmutations
   808 | D:2      | Reached skill level 1 in Fire Magic
   808 | D:2      | Reached skill level 1 in Ice Magic
   808 | D:2      | Reached skill level 1 in Air Magic
   808 | D:2      | Reached skill level 1 in Earth Magic
   808 | D:2      | Reached skill level 1 in Poison Magic
  1195 | D:2      | Reached XP level 5. HP: 47/47 MP: 7/7
  1296 | D:2      | Noticed Natasha
  1427 | D:2      | Killed Natasha
  1936 | D:2      | Noticed Natasha
  1947 | D:2      | Killed Natasha
  2111 | D:2      | Noticed Natasha
  2118 | D:2      | Killed Natasha
  2275 | D:1      | Reached XP level 6. HP: 53/53 MP: 8/8
  2802 | D:1      | Found a faded altar of an unknown god.
  3303 | D:3      | Reached skill level 5 in Short Blades
  3303 | D:3      | Reached skill level 5 in Dodging
  3676 | D:4      | Learned a level 3 spell: Ozocubu's Armour
  4094 | D:4      | Noticed Blork the orc
  4114 | D:4      | Killed Blork the orc
  4115 | D:4      | Reached XP level 7. HP: 42/60 MP: 10/10
  4465 | D:5      | Identified the +0 leather armour of the Enchanted Forest
                  | {rCorr Str+4 Slay-4 Stlth+}
  4519 | D:5      | Reached skill level 10 in Stealth
  4636 | D:5      | Found Vucoes's Neck Hole.
  4691 | D:5      | Identified the +1 ring mail of Chill Winds {rPois Will+++
                  | Int-2 Stlth-}
  5117 | D:6      | Reached XP level 8. HP: 67/67 MP: 12/12
  6145 | D:7      | Found a staircase to the Ecumenical Temple.
  6157 | D:7      | Found a shimmering altar of Xom.
  6353 | Temple   | Entered the Ecumenical Temple
  6379 | Temple   | Became a worshipper of Ashenzari the Shackled
  7219 | D:8      | Noticed Prince Ribbit
  7298 | D:8      | Noticed a gargoyle
  7590 | D:8      | Noticed a yak
  7590 | D:8      | Noticed a yak
  7590 | D:8      | Noticed a yak
  7629 | D:8      | Killed a yak
  7630 | D:8      | Reached XP level 9. HP: 48/74 MP: 15/15
  7724 | D:8      | Killed Prince Ribbit
  7923 | D:8      | Noticed Maurice
  8280 | D:8      | Killed a gargoyle
  8491 | D:8      | Killed Maurice
  8492 | D:8      | Reached skill level 5 in Invocations
  8973 | D:8      | Reached * piety under Ashenzari
  9106 | D:8      | Noticed a two-headed ogre
  9110 | D:8      | Killed a two-headed ogre
  9111 | D:8      | Reached skill level 5 in Long Blades
  9111 | D:8      | Reached skill level 5 in Axes
  9111 | D:8      | Reached skill level 5 in Maces & Flails
  9111 | D:8      | Reached skill level 5 in Polearms
  9111 | D:8      | Reached skill level 5 in Staves
  9111 | D:8      | Reached skill level 5 in Ranged Weapons
  9111 | D:8      | Reached skill level 5 in Throwing
  9111 | D:8      | Reached skill level 5 in Armour
  9111 | D:8      | Reached skill level 5 in Shields
  9111 | D:8      | Reached skill level 5 in Unarmed Combat
  9111 | D:8      | Reached skill level 5 in Spellcasting
  9111 | D:8      | Reached skill level 5 in Evocations
  9111 | D:8      | Reached XP level 10. HP: 84/84 MP: 19/19
  9545 | D:9      | Reached skill level 11 in Stealth
  9596 | D:9      | Found a transporter.
  9596 | D:9      | Found a transporter.
  9598 | D:9      | Found a transporter.
  9616 | D:9      | Found a hide-covered altar of Uskayaw.
  9616 | D:9      | Noticed a +0 dagger
  9617 | D:9      | Noticed a +0 hand axe
  9650 | D:9      | Noticed Erica
  9865 | D:8      | Learned a level 4 spell: Olgreb's Toxic Radiance
  9870 | D:8      | Learned a level 4 spell: Dispel Undead
 10132 | D:9      | Found a white marble altar of Elyvilon.
 10163 | D:9      | Found a snail-covered altar of Cheibriados.
 10182 | D:9      | Reached ** piety under Ashenzari
 10287 | D:9      | Found a transporter.
 10453 | D:9      | Killed Erica
 10746 | D:9      | Found a staircase to the Lair.
 10871 | D:10     | Entered Level 10 of the Dungeon
 11037 | D:10     | Found an iron altar of Okawaru.
 11131 | D:10     | Found a blossoming altar of Fedhas.
 11137 | D:10     | Learned a level 4 spell: Petrify
 11252 | D:10     | Gained mutation: Your mind is acute. (Int +4, Str/Dex -1)
                  | [potion of mutation]
 11340 | D:10     | Noticed a two-headed ogre
 11362 | D:10     | Noticed an unseen horror
 11384 | D:10     | Killed an unseen horror
 11387 | D:10     | Killed a two-headed ogre
 11388 | D:10     | Reached skill level 5 in Conjurations
 11388 | D:10     | Reached skill level 5 in Hexes
 11388 | D:10     | Reached skill level 5 in Summonings
 11388 | D:10     | Reached skill level 5 in Necromancy
 11388 | D:10     | Reached skill level 5 in Translocations
 11388 | D:10     | Reached skill level 5 in Transmutations
 11388 | D:10     | Reached skill level 5 in Fire Magic
 11388 | D:10     | Reached skill level 5 in Ice Magic
 11388 | D:10     | Reached skill level 5 in Air Magic
 11388 | D:10     | Reached skill level 5 in Earth Magic
 11388 | D:10     | Reached skill level 5 in Poison Magic
 11781 | D:10     | Reached *** piety under Ashenzari
 12080 | D:10     | Noticed an orc knight
 12083 | D:10     | Reached XP level 11. HP: 92/95 MP: 22/24
 12199 | D:10     | Noticed a boulder beetle
 12222 | D:10     | Killed a boulder beetle
 12579 | D:11     | Noticed a cyclops
 12670 | D:11     | Killed a cyclops
 12839 | D:11     | Reached **** piety under Ashenzari
 13085 | D:11     | Noticed a two-headed ogre
 13090 | D:11     | Killed a two-headed ogre
 13097 | D:11     | Noticed a boulder beetle
 13119 | D:11     | Killed a boulder beetle
 13351 | D:11     | Learned a level 5 spell: Lee's Rapid Deconstruction
 13499 | D:11     | Noticed a soul eater
 13719 | D:11     | Noticed a two-headed ogre
 13734 | D:11     | Killed a two-headed ogre
 14249 | D:12     | Noticed Azrael
 14581 | D:11     | Lost mutation: Your mind is acute. (Int +4, Str/Dex -1)
                  | [potion of mutation]
 14581 | D:11     | Gained mutation: Armour fits poorly on your strangely
                  | shaped body. [potion of mutation]
 14581 | D:11     | Gained mutation: You do not regenerate when monsters are
                  | visible. [potion of mutation]
 14582 | D:11     | Lost mutation: Armour fits poorly on your strangely shaped
                  | body. [potion of mutation]
 14582 | D:11     | Lost mutation: You do not regenerate when monsters are
                  | visible. [potion of mutation]
 14582 | D:11     | Gained mutation: You are frail. (-10% HP) [potion of
                  | mutation]
 14582 | D:11     | Gained mutation: You passively map a small area around you.
                  | [potion of mutation]
 14969 | D:12     | Noticed a deep elf pyromancer
 15193 | D:12     | Killed a deep elf pyromancer
 15376 | D:12     | Noticed a manticore
 15402 | D:12     | Killed a manticore
 15403 | D:12     | Reached XP level 12. HP: 60/94 MP: 12/26
 15663 | D:12     | Found a staircase to the Orcish Mines.
 15727 | Orc:1    | Entered Level 1 of the Orcish Mines
 16375 | Orc:1    | Learned a level 5 spell: Irradiate
 16376 | Orc:2    | Entered Level 2 of the Orcish Mines
 16376 | Orc:2    | Found a staircase to the Elven Halls.
 16784 | Orc:2    | Noticed an orc warlord
 16793 | Orc:2    | Killed an orc warlord
 16794 | Orc:2    | Reached skill level 12 in Stealth
 17059 | Orc:2    | Reached skill level 10 in Fighting
 17844 | Orc:2    | Noticed an orc high priest
 18905 | Orc:2    | Killed an orc high priest
 19186 | Orc:2    | Noticed an orc high priest
 19186 | Orc:2    | Noticed an orc high priest
 19198 | Orc:2    | Killed an orc high priest
 19201 | Orc:2    | Killed an orc high priest
 19401 | Orc:2    | Found Isuigh Femy's Jewellery Shop.
 19401 | Orc:2    | Found Desutas's General Store.
 19404 | Orc:2    | Found Veavy's General Store.
 19404 | Orc:2    | Found Cyvel's Armour Emporium.
 19588 | Orc:2    | Bought a ring of wizardry for 540 gold pieces
 20642 | D:11     | Learned a level 2 spell: Blink
 20647 | D:11     | Learned a level 4 spell: Passage of Golubria
 20691 | Lair:1   | Entered Level 1 of the Lair of Beasts
 20730 | Lair:1   | Reached XP level 13. HP: 96/101 MP: 27/28
 20842 | Lair:1   | Found a frozen archway.
 20867 | IceCv    | Entered an ice cave
 22397 | IceCv    | Noticed a frost giant
 22410 | IceCv    | HP: 5/102 [frost giant/+1 battleaxe of freezing (43)]
 22410 | IceCv    | Slain by a frost giant

Illustrated notes

Levels and vault maps discovered:
D:1:      matt_arrival_refuge, layout_rooms, nicolae_ecumenical_lake_church,
          chequers_serial_rivers_small_3, interstate_on_off, fountainhead
D:2:      layout_rooms, uniq_natasha
D:3:      cheibrodos_pilgrimage, layout_rooms, nicolae_dithmenos_the_darkroom
D:4:      layout_loops_ring, uniq_blork_the_orc
D:5:      layout_basic, nicolae_shop_sticking_my_neck_out
D:6:      layout_basic
D:7:      layout_basic, amcnicky_altar_gilded, temple_fountains, serial_curves,
          eino_curves_03, eino_curves_03
D:8:      layout_loops_ring, grunt_ministairs_15, nrook_mini_backslash,
          grunt_decor_resistance, uniq_prince_ribbit1, uniq_maurice
D:9:      layout_loops_ring, dancing_weapons_uskayaw,
          mainiacjoe_overflow_two_lobes, lair_entry_dummy,
          nicolae_diode_quadrants, uniq_erica
D:10:     cheibrodos_orc_bank, layout_layer_cave, okawaru_trees_2,
          mainiacjoe_overflow_alcove_1
D:11:     layout_gridville
D:12:     layout_cave_pools, david_orc_4, nicolae_shop_i_like_big_books,
          uniq_azrael
Temple:   hellmonk_temple_of_storms
Lair:1:   gammafunk_worm_tunnel, layout_chaotic_city, portal_ice_cave_rime
Orc:1:    layout_caves
Orc:2:    grunt_orc_tribal_feast, layout_diamond_mine
IceCv:    ice_cave_small_giant

Skill      XL: |  1  2  3  4  5  6  7  8  9 10 11 12 13 |
---------------+----------------------------------------+-----
Stealth        | 10 11 12 | 12.7
Invocations    | 1 2 3 4 5 6 7 8 9 |  9.5
Long Blades    | 1 2 3 4 5 6 7 8 |  8.6
Axes           | 1 2 3 4 5 6 7 8 |  8.6
Maces & Flails | 1 2 3 4 5 6 7 8 |  8.6
Polearms       | 1 2 3 4 5 6 7 8 |  8.6
Staves         | 1 2 3 4 5 6 7 8 |  8.6
Ranged Weapons | 1 2 3 4 5 6 7 8 |  8.6
Throwing       | 1 2 3 4 5 6 7 8 |  8.6
Armour         | 1 2 3 4 5 6 7 8 |  8.6
Shields        | 1 2 3 4 5 6 7 8 |  8.6
Unarmed Combat | 1 2 3 4 5 6 7 8 |  8.6
Spellcasting   | 1 2 3 4 5 6 7 8 |  8.6
Evocations     | 1 2 3 4 5 6 7 8 |  8.6
Conjurations   | 1 2 3 4 5 6 7 |  7.2
Hexes          | 1 2 3 4 5 6 7 |  7.2
Summonings     | 1 2 3 4 5 6 7 |  7.2
Necromancy     | 1 2 3 4 5 6 7 |  7.2
Translocations | 1 2 3 4 5 6 7 |  7.2
Transmutations | 1 2 3 4 5 6 7 |  7.2
Fire Magic     | 1 2 3 4 5 6 7 |  7.2
Ice Magic      | 1 2 3 4 5 6 7 |  7.2
Air Magic      | 1 2 3 4 5 6 7 |  7.2
Earth Magic    | 1 2 3 4 5 6 7 |  7.2
Poison Magic   | 1 2 3 4 5 6 7 |  7.2
Short Blades   | 5 6 7 8 9 |  9.8
Dodging        | 5 6 7 8 9 |  9.8
Fighting       | 7 8 9 10 | 10.9

Action                     |  1- 3 |  4- 6 |  7- 9 | 10-12 | 13-15 || total
---------------------------+-------+-------+-------+-------+-------++-------
  Melee: Short sword       |     5 |       |       |       |       ||     5
         Dagger            |    10 |   188 |   389 |   512 |   111 ||  1210
         Bite              |     3 |    14 |    57 |    90 |    19 ||   183
         Punch             |       |     1 |    17 |    13 |       ||    31
   Cast: Ozocubu's Armour  |       |       |     2 |    20 |     8 ||    30
         Olgreb's Toxic Ra |       |       |       |   103 |    34 ||   137
         Petrify           |       |       |       |    28 |     2 ||    30
         Lee's Rapid Decon |       |       |       |     9 |     8 ||    17
         Irradiate         |       |       |       |     2 |     5 ||     7
 Invoke: Curse Item        |       |       |     2 |     4 |       ||     6
  Evoke: Wand              |       |     3 |     2 |     4 |       ||     9
    Use: Scroll            |       |     1 |     9 |     4 |       ||    14
         Potion            |       |       |       |     6 |     2 ||     8
   Stab: Sleeping          |     2 |    24 |     8 |     9 |     2 ||    45
         Distracted        |       |     1 |     1 |     3 |       ||     5
         Petrified         |       |       |       |     8 |       ||     8
         Petrifying        |       |       |       |     5 |       ||     5
         Invisible         |       |       |       |     2 |       ||     2
 Armour: Leather armour    |       |    24 |     9 |       |       ||    33
         Ring mail         |       |       |    75 |    32 |       ||   107
         Robe              |       |       |       |    80 |    35 ||   115
  Dodge: Dodged            |     6 |    57 |   169 |   330 |    78 ||   640
